 Dungeon Crawl Stone Soup version 0.28.0-45-g0d030f2227 (webtiles) character file.

Game seed: 15818784641864441393

122 MalarOregon the Skirmisher (level 4, 0/39 HPs)
             Began as a Palentonga Fighter on Apr 20, 2022.
             Slain by a kobold brigand
             ... wielding a +0 whip
              (9 damage)
             ... in a sewer.
             The game lasted 00:02:17 (2236 turns).

MalarOregon the Skirmisher (Palentonga Fighter)     Turns: 2236, Time: 00:02:18

Health: 0/39       AC:  8    Str: 22    XL:     4   Next: 78%
Magic:  13/13      EV:  6    Int:  8    God:
Gold:   85         SH:  7    Dex:  9    Spells: 3/3 levels left

rFire   + . .      SeeInvis +   a - +0 flail
rCold   . . .      Faith    .   k - +0 kite shield
rNeg    . . .      Spirit   .   b - +0 scale mail
rPois   +          Reflect  .   (no helmet)
rElec   .          Harm     .   (no cloak)
rCorr   .          Rampage  .   l - +1 pair of gloves
Will    .....                   (no barding)
Stlth   ..........              (no amulet)
HPRegen 0.13/turn               c - ring of Ippoc {rPois rF+ MP+9}
MPRegen 0.13/turn               (no ring)

@: no status effects
A: large, rugged brown scales 3, see invisible, deformed body, roll 1, armoured
tail
a: Rolling Charge


You were in a sewer.
You visited 1 branch of the dungeon, and saw 3 of its levels.
You also visited: Sewer.

You collected 85 gold pieces.


Innate Abilities, Weirdness & Mutations

You are completely covered in rugged brown scales. (AC +3, +7% HP)
You have supernaturally acute eyesight. (SInv)
Armour fits poorly on your strangely shaped body.
You can roll at nearby foes to attack.
You have a long armoured tail.


   Skills:
 + Level 3.8 Fighting
 + Level 3.0 Maces & Flails
 + Level 3.1 Armour
 + Level 3.1 Shields


You had 3 spell levels left.
You didn't know any spells.
Your spell library was empty.

Inventory:

Hand Weapons
 a - a +0 flail (weapon)
Missiles
 e - 5 poisoned darts
 g - 4 boomerangs (quivered)
Armour
 b - a +0 scale mail (worn)
 k - a +0 kite shield (worn)
   (You found it on level 1 of the Dungeon)
 l - a +1 pair of gloves (worn)
   (You found it on level 2 of the Dungeon)
Jewellery
 c - the ring of Ippoc (left hand) {rPois rF+ MP+9}
   (You found it on level 2 of the Dungeon)

   [ring of magical power]

   rF:        It protects you from fire.
   rPois:     It protects you from poison.
   MP:        It affects your magic capacity (+9).
Scrolls
 f - a scroll of vulnerability {unknown}
 h - 4 scrolls of identify {unknown}
 n - a scroll of blinking {unknown}
Potions
 d - 2 potions of might
 i - a potion of heal wounds {unknown}
 j - 4 potions of curing {unknown}
 m - a potion of resistance {unknown}

Dungeon Overview and Level Annotations

Branches:
Dungeon (3/15)              Sewer (1/1)

Altars:

≈≈≈≈≈≈≈≈≈≈
≈≈≈≈≈≈≈≈≈≈≈≈≈≈≈≈#≈
≈≈≈≈≈≈≈≈≈≈≈≈≈≈≈≈≈
≈≈≈≈≈≈≈≈≈≈≈≈≈≈≈≈#
..≈≈≈≈≈≈≈≈≈≈≈≈≈≈#### ##≈
......≈≈≈≈≈≈≈≈≈≈#..#..#≈
.......≈≈≈≈≈≈..≈#K....#≈
................@K...#
..†.............#.....#≈
#.†.............#..#.)#≈
###......###..###### ##≈
#####...## #### ∩# #####
##


You could see a kobold brigand and a kobold.


Message History

The quokka bites you but does no damage.
You block the jackal's attack. x2; The quokka bites you.
The jackal closely misses you.
You sock the quokka!
You kill the quokka!
The jackal bites you but does no damage.
The jackal bites you. The jackal barely misses you.
You closely miss the jackal. You tail-slap the jackal.
You kill the jackal!
The jackal bites you but does no damage.
You block the jackal's attack.
You hit the jackal.
You kill the jackal!
You closely miss the goblin. You block the goblin's attack.
You miss the goblin. You tail-slap the goblin.
You kill the goblin!
No target in view!
No target in view!
You see here a jackal corpse.
You enter the shallow water.
Moving in this stuff is going to be slow.
You see here a river rat corpse.
There is a glowing drain here.
The world spins around you as you enter the gateway.
You enter a sewer!
There is an empty arch of ancient stone here.
Found a gate leading back out of this place.
A rat comes into view.
A river rat comes into view.
There are monsters nearby!
There are monsters nearby!
A rat comes into view.
The rat twitches its whiskers.
A river rat comes into view.
You sock the rat!
You kill the rat!
You hit the river rat. You block the river rat's attack.
The river rat bites you but does no damage.
You sock the river rat!
You kill the river rat!
The rat barely misses you.
Your Maces & Flails skill increases to level 3!
You barely miss the rat. You tail-slap the rat.
You kill the rat!
You hit the river rat.
The river rat bites you but does no damage.
The river rat bites you!
You closely miss the river rat. The river rat closely misses you.
You thump the river rat!
You kill the river rat!
No target in view!
Things that are here:
a river rat corpse; a rat corpse You open the door.
A kobold brigand and a kobold come into view.
The kobold brigand is wielding a +0 whip and quivering curare-tipped darts.
The kobold brigand shouts!
The kobold shouts!
Found a hunting sling.
There are monsters nearby!
There are monsters nearby!
There is an open door here.
You hit the kobold brigand.
Your tail-slap misses the kobold brigand.
The kobold brigand hits you with a +0 whip.
You block the kobold's attack.
You barely miss the kobold brigand. You tail-slap the kobold brigand!
The kobold brigand hits you with a +0 whip.
The kobold closely misses you.
You barely miss the kobold brigand.
The kobold brigand hits you with a +0 whip.
You block the kobold's attack.
The kobold brigand hits you but does no damage.
You block the kobold's attack.
You hit the kobold brigand. You block the kobold brigand's attack.
The kobold completely misses you.
You closely miss the kobold brigand. You block the kobold brigand's attack.
The kobold closely misses you.
The kobold brigand hits you with a +0 whip.
The kobold hits you but does no damage.
You barely miss the kobold brigand. You tail-slap the kobold brigand.
The kobold brigand hits you with a +0 whip.
The kobold hits you with a +0 dagger.
You hit the kobold brigand.
The kobold brigand hits you with a +0 whip.
The kobold closely misses you.
You hit the kobold brigand but do no damage.
The kobold brigand barely misses you. The kobold hits you but does no damage.
You block the kobold brigand's attack. You block the kobold's attack.
You barely miss the kobold brigand.
The kobold brigand hits you with a +0 whip!
* * * LOW HITPOINT WARNING * * *
The kobold hits you but does no damage.
You hit the kobold brigand.
Your tail-slap misses the kobold brigand.
The kobold brigand hits you with a +0 whip.
* * * LOW HITPOINT WARNING * * *
The kobold hits you with a +0 dagger.
* * * LOW HITPOINT WARNING * * *
The kobold brigand hits you with a +0 whip!
You die...

Skill      XL: |  1  2  3  4 |
---------------+-------------+-----
Armour         | 3 |  3.1
Shields        | 3 |  3.1
Maces & Flails | 3 |  3.0
Fighting       | |  3.8

Action                   |  1- 3 |  4- 6 || total
-------------------------+-------+-------++-------
Melee: Flail             |   107 |    51 ||   158
       Tailslap          |    10 |     8 ||    18
Armor: Scale mail        |    72 |    24 ||    96
Dodge: Dodged            |    49 |    20 ||    69
Block: Buckler           |     4 |       ||     4
       Kite shield       |    45 |    25 ||    70

Levels and vault maps discovered:
D:1:      dpeg_arrival_round_b, layout_basic, hellmonk_ecumenical_altar_run_dry,
          nicolae_wormholes
D:2:      layout_rooms
D:3:      layout_rooms, serial_shops, nicolae_shop_behind_doors,
          portal_sewer_entry_b, st_stairs_6
Sewer:    sewer_minmay_treatment

Notes
Turn   | Place    | Note
-------+----------+-------------------------------------------
     0 | D:1      | MalarOregon the Palentonga Fighter began the quest for the
                  | Orb.
     0 | D:1      | Reached XP level 1. HP: 19/19 MP: 1/1
   123 | D:1      | Reached XP level 2. HP: 25/25 MP: 2/2
   463 | D:1      | Found a faded altar of an unknown god.
   507 | D:1      | Reached XP level 3. HP: 20/31 MP: 3/3
  1369 | D:2      | Identified the ring of Ippoc {rPois rF+ MP+9}
  1653 | D:2      | Reached XP level 4. HP: 36/37 MP: 4/4
  1895 | D:2      | Reached skill level 3 in Armour
  2049 | D:3      | Found a glowing drain.
  2054 | D:3      | Reached skill level 3 in Shields
  2070 | Sewer    | Entered a sewer
  2151 | Sewer    | Reached skill level 3 in Maces & Flails
  2225 | Sewer    | Noticed a kobold brigand
  2236 | Sewer    | HP: 9/39 [kobold/+0 dagger (2)]
  2236 | Sewer    | Slain by a kobold brigand

Vanquished Creatures
  2 adders
  3 river rats
  3 worms
  A dart slug (D:1)
  8 bats
  7 endoplasms
  2 giant cockroaches (D:1)
  4 goblins
  4 hobgoblins (D:2)
  11 jackals
  4 kobolds
  A quokka (D:3)
  4 ball pythons
  5 rats
59 creatures vanquished.

Table legend:
 A = Non-vault XP
 B = Vault XP
 C = Vault XP percentage of total XP
 D = Non-vault monster count
 E = Vault monster count
 F = Vault count percentage of total count
                 A         B        C        D         E       F
            +---------+---------+-------+---------+---------+-------
      Total |     120 |      55 |  31.4 |      51 |       8 |  13.6
            +---------+---------+-------+---------+---------+-------
        D:1 |      65 |      10 |  13.3 |      29 |       2 |   6.5
        D:2 |      47 |       0 |   0.0 |      18 |       0 |   0.0
        D:3 |       8 |      15 |  65.2 |       4 |       2 |  33.3
      Sewer |       0 |      30 | 100.0 |       0 |       4 | 100.0
            +---------+---------+-------+---------+---------+-------

Illustrated notes

Table legend:
 A = Kills in this place as a percentage of kills in entire the game.
 B = Kills by you in this place as a percentage of kills by you in the entire game.
 C = Kills by friends in this place as a percentage of kills by friends in the entire game.
 D = Other kills in this place as a percentage of other kills in the entire game.
 E = Experience gained in this place as a percentage of experience gained in the entire game.
 F = Experience gained in this place divided by the number of levels of this place that you have seen.
                   A       B       C       D       E      F
               +-------+-------+-------+-------+-------+----------------------
         Total | 100.0 | 100.0 |   N/A |   N/A | 100.0 |  43.8
       Dungeon |  93.2 |  93.2 |   N/A |   N/A |  82.9 |  48.3
         Sewer |   6.8 |   6.8 |   N/A |   N/A |  17.1 |  30.0
               +-------+-------+-------+-------+-------+----------------------

Table legend: (Time is in decaauts)
 A = Elapsed time spent in this place.
 B = Non-inter-level travel time spent in this place.
 C = Inter-level travel time spent in this place.
 D = Time resting spent in this place.
 E = Time spent auto-exploring this place.
 F = Levels seen in this place.
 G = Mean time per level.
                   A        B        C        D        E       F      G
               +--------+--------+--------+--------+--------+-----+--------+
         Total |   2297 |   2270 |     27 |      0 |   1838 |   4 |  574.2 |
       Dungeon |   2124 |   2097 |     27 |      0 |   1697 |   3 |  708.0 |
         Sewer |    172 |    172 |      0 |      0 |    141 |   1 |  172.0 |
               +--------+--------+--------+--------+--------+-----+--------+

Top non-repeatable levels by time:
     D:1: 1322 daAuts
     D:2: 769 daAuts
   Sewer: 172 daAuts
     D:3: 33 daAuts
